[Event "85th Tata Steel Masters 2023"]
[White "So,Wesley"]
[Black "Abdusattorov,Nodirbek"]
[Site "Wijk aan Zee"]
[Round "12.1"]
[Annotator "TA"]
[Result "1/2-1/2"]
[Date "2023.01.28"]
[WhiteElo "2760"]
[BlackElo "2713"]
[PlyCount "82"]
[TimeControl "60"]

1. d4 d5 2. c4 dxc4 3. Nf3 Nf6 4. e3 e6 5. Bxc4 c5 6. O-O a6 7. dxc5 Bxc5 8. Qxd8+ Kxd8 9. Be2 Ke7 10. Nbd2 Bd7 {[%emt 0:7:8] D27: Queen's Gambit Accepted: Classical main line: 7 e4!? and 7 a4.} 11. b3 Bb5 12. Nc4 Nbd7 13. Nd4 Rhc8 14. Bb2 Bxc4 15. Bxc4 Rc7 16. Rfd1 Rac8 {[%emt 0:4:56] [#]} 17. Kf1 $146 ({Predecessor:} 17. Nf3 Nb6 18. Bd3 Nbd5 19. a3 Bb6 20. Ne5 Bc5 21. g3 Kf8 22. Rdc1 Be7 23. Kf1 Rxc1+ 24. Rxc1 Rxc1+ 25. Bxc1 {½-½ Lazavik,D (2436)-Timofeev,A (2594) Botvinnik Cup 2020 (5.5)} )Bb4 18. Rac1 (18. a3 $5 Ba5 19. a4 $11 )Ne4 19. Nf3 {[%emt 0:11:38] Inhibits Nd2+.} b5 20. Bd3 {[%emt 0:0:15] This pair of bishops is nice.} Nc3 21. Bxc3 Rxc3 22. Rxc3 Rxc3 23. Ke2 Nf6 24. Nd2 Nd5 25. Nb1 Rc7 26. Be4 Nf6 27. Bd3 h5 28. h3 e5 {[%emt 0:1:11] [#] ...e4 is the strong threat.} 29. a3 Bd6 {[%emt 0:0:22] And now ...e4 would win.} 30. Kf3 h4 31. a4 bxa4 {[%emt 0:7:7] The position is equal.} 32. bxa4 Bb4 33. Bxa6 e4+ 34. Ke2 $1 Rc2+ 35. Kf1 $1 Nd7 36. Be2 f5 37. a5 {[%emt 0:1:0][%mdl 64] [#] Deflection} Bxa5 {[%emt 0:0:8] aiming for ...Bb4.} 38. Na3 Ra2 39. Nb5 g6 40. Nd4 Ne5 {[%emt 0:1:46] Prevents Nc6+} 41. f4 exf3 {[%emt 0:51:11] Weighted Error Value: White=0.05 (flawless) /Black=0.04 (flawless)} 1/2-1/2

[Event "85th Tata Steel Masters 2023"]
[White "Van Foreest,Jorden"]
[Black "Giri,Anish"]
[Site "Wijk aan Zee"]
[Round "12.2"]
[Annotator "RC"]
[Result "1/2-1/2"]
[Date "2023.01.28"]
[WhiteElo "2681"]
[BlackElo "2764"]
[PlyCount "158"]
[TimeControl "60"]

1. d4 Nf6 2. c4 e6 3. Nf3 d5 4. cxd5 exd5 5. Nc3 Bb4 6. Bf4 Ne4 7. Rc1 Nc6 8. h4 Bf5 9. e3 Nxc3 10. bxc3 Ba3 11. Rb1 Bxb1 12. Qxb1 Rb8 13. Qb3 Bd6 14. Qxd5 Bxf4 15. Qe4+ Qe7 16. Qxf4 Qa3 17. Qe4+ Ne7 18. Qc2 Nd5 19. c4 Nc3 20. c5 b6 21. Bc4 bxc5 22. O-O O-O 23. h5 Qb4 24. Ng5 g6 25. Qd3 Rb6 26. dxc5 Rc6 27. hxg6 Rxg6 28. f4 Rg7 29. Rc1 Na4 30. Ne4 Nb2 31. Qb3 Qxb3 32. Bxb3 Kh8 33. Rb1 Nd3 34. Bc2 f5 35. Bxd3 fxe4 36. Bxe4 Re7 37. Rb4 Rd8 38. Kf2 Rd2+ 39. Kf3 Rxa2 40. g4 h6 41. f5 Kg7 42. Kf4 Ra3 43. Rd4 Kf6 44. Bd3 Ra2 45. e4 Rf2+ 46. Ke3 Rg2 47. Kf3 Rd2 48. Rd8 Ke5 49. Ke3 Rg2 50. Kf3 Rd2 51. c6 a5 52. Ke3 Rg2 53. Be2 Kf6 54. Bf3 Rc2 55. Kf4 a4 56. Rg8 a3 57. Rf8+ Kg7 58. Ra8 a2 59. e5 Re8 60. Ra7 Kf8 61. e6 Rf2 62. Kg3 Rd2 63. Kf4 Rf2 64. Ke3 Rb2 65. Kd4 Kg7 66. Rxc7+ Kf6 67. Rf7+ Kg5 68. Ra7 Rd8+ 69. Kc3 Rf2 70. Be4 Re2 71. Bc2 Rd6 72. Rxa2 Rxc6+ 73. Kd3 Rh2 74. e7 Rc8 75. Ra6 Rcxc2 76. e8=Q Rhd2+ 77. Ke3 Re2+ 78. Kd3 Red2+ 79. Ke3 Re2+ 1/2-1/2

[Event "85th Tata Steel Masters 2023"]
[White "Carlsen,Magnus"]
[Black "Praggnanandhaa R"]
[Site "Wijk aan Zee"]
[Round "12.3"]
[Annotator "RC"]
[Result "1/2-1/2"]
[Date "2023.01.28"]
[WhiteElo "2859"]
[BlackElo "2684"]
[PlyCount "134"]
[TimeControl "60"]

1. Nf3 Nf6 2. c4 c5 3. Nc3 Nc6 4. e3 e6 5. d4 d5 6. a3 dxc4 7. Bxc4 a6 8. Bd3 cxd4 9. exd4 g6 10. Bg5 Bg7 11. Be4 Ne7 12. h4 h6 13. Bxf6 Bxf6 14. Qd2 Nd5 15. h5 g5 16. Ne5 Bg7 17. Bxd5 exd5 18. O-O Be6 19. Rae1 O-O 20. Re3 Bf5 21. Qd1 Re8 22. Rfe1 Be6 23. Na4 b6 24. Rb3 Qc7 25. Nxb6 Rab8 26. Na4 Rxb3 27. Qxb3 Bxe5 28. dxe5 Qa5 29. Qd1 Bg4 30. f3 Bd7 31. Nc3 Qc5+ 32. Kh2 d4 33. Re4 dxc3 34. Qxd7 c2 35. Qxe8+ Kg7 36. b4 Qc3 37. f4 c1=Q 38. f5 Qc7 39. f6+ Kh7 40. Qf8 Qxe5+ 41. Rxe5 Qf4+ 42. Kg1 Qc1+ 43. Kf2 Qf4+ 44. Ke2 Qxe5+ 45. Kd3 Qxf6 46. Qe8 Qf1+ 47. Kd4 Kg7 48. Qe5+ Kg8 49. Qb8+ Kg7 50. Qg3 Qd1+ 51. Kc5 Qxh5 52. Qe5+ Kg8 53. a4 Qd1 54. a5 Qg1+ 55. Qd4 Qxg2 56. b5 g4 57. bxa6 g3 58. a7 Qa8 59. Kd6 g2 60. Ke5 Qf3 61. Qd8+ Kh7 62. a8=Q Qc3+ 63. Qd4 Qxd4+ 64. Kxd4 g1=Q+ 65. Kd3 Qd1+ 66. Ke3 Qe1+ 67. Kd3 Qd1+ 1/2-1/2

[Event "85th Tata Steel Masters 2023"]
[White "Caruana,Fabiano"]
[Black "Keymer,Vincent"]
[Site "Wijk aan Zee"]
[Round "12.4"]
[Annotator "TA"]
[Result "1/2-1/2"]
[Date "2023.01.28"]
[WhiteElo "2766"]
[BlackElo "2696"]
[PlyCount "79"]
[TimeControl "60"]

1. e4 e5 2. Nf3 Nc6 3. Bb5 a6 4. Ba4 Nf6 5. O-O Be7 6. d3 b5 7. Bb3 d6 8. c3 O-O 9. h3 Na5 10. Bc2 c5 {[%emt 0:0:3] C55: Two Knights: 4 d3, 4 d4 exd4 5 e5 and Max Lange Attack.} 11. d4 d5 12. dxe5 Nxe4 {[%emt 0:0:11] White is slightly better.} 13. Nbd2 Bf5 14. Re1 Nc6 15. Nf1 c4 16. Be3 Bg6 {[%emt 0:0:20] [#]} 17. Ng3 $146 ({Predecessor:} 17. Nd4 Qc8 18. f4 Bh4 19. Re2 Nxd4 20. Bxd4 f6 21. Kh2 fxe5 22. Bxe5 Qe6 23. g3 {½-½ Schmitt,C (2347)-Jung,R (2336) GER-ch51 final email 2021} )b4 18. Nxe4 dxe4 19. Ba4 bxc3 20. bxc3 Nb4 21. Qxd8 Rfxd8 (21... Raxd8 $11 22. Nh4 Nd3 23. Nxg6 hxg6 )22. Nd4 $14 Nd3 {[%emt 0:2:31][%csl Ye1,Ye5] [#]} 23. Nc6 $1 Re8 24. Nxe7+ $1 Rxe7 {[%emt 0:0:4] [#]} 25. Reb1 ({White should try} 25. Bc6 $1 $16 Rf8 26. Reb1 )Nxe5 $11 26. Rb6 f6 27. Rab1 {[%emt 0:6:22][%mdl 1024] White has compensation.} Be8 28. Bc5 Rc7 29. Bd6 {[%emt 0:0:12] And now Bxe8 would win. A strong pair of Bishops.} Rcc8 30. Bd1 Nd7 31. Rb7 {[%emt 0:1:3] Strongly threatening Bg4. Black is weak on the dark squares} Rc6 32. Ba3 {[%emt 0:3:54] Black must now prevent Ba4.} Nc5 {[%emt 0:1:26] Prevents Ba4.} 33. Rb8 Rxb8 {[%emt 0:0:10] The position is equal.} 34. Rxb8 Kf7 35. Be2 Bd7 36. Ra8 Nd3 37. Ra7 Ke8 38. Ra8+ $1 Kf7 39. Ra7 Ke8 40. Ra8+ $1 {[%emt 0:0:15] Weighted Error Value: White=0.05 (flawless) /Black=0.06 (flawless)} 1/2-1/2

[Event "85th Tata Steel Masters 2023"]
[White "Gukesh D"]
[Black "Aronian,Levon"]
[Site "Wijk aan Zee"]
[Round "12.5"]
[Annotator "RC"]
[Result "1/2-1/2"]
[Date "2023.01.28"]
[WhiteElo "2725"]
[BlackElo "2735"]
[PlyCount "143"]
[TimeControl "60"]

1. d4 Nf6 2. c4 e6 3. Nf3 d5 4. Nc3 Bb4 5. Qa4+ Nc6 6. e3 O-O 7. Bd2 Qe8 8. Qb3 a5 9. a3 Bxc3 10. Bxc3 b6 11. cxd5 exd5 12. Bb5 Ba6 13. Bxa6 Rxa6 14. O-O Qe6 15. Rac1 Ne4 16. Rfd1 Ne7 17. Qc2 Rc8 18. Be1 h6 19. Qe2 Ra7 20. Rc2 c5 21. dxc5 bxc5 22. Nd2 Nxd2 23. Bxd2 Nf5 24. Bc3 a4 25. h3 Rd7 26. Qg4 d4 27. Bxd4 Rcd8 28. Rxc5 Nxd4 29. exd4 Qxg4 30. hxg4 Rxd4 31. Rxd4 Rxd4 32. Rc8+ Kh7 33. Rb8 Rd1+ 34. Kh2 g5 35. g3 Rc1 36. Kg2 Rc2 37. Rb6 Kg7 38. Kf3 Rd2 39. Ke3 Rc2 40. Rb4 Kg6 41. f4 Rg2 42. Kf3 Rc2 43. Rb6+ Kg7 44. Ke4 Rd2 45. Rb4 Kf6 46. f5 Rg2 47. Kd5 Rxg3 48. Rxa4 h5 49. gxh5 Kxf5 50. Ra7 g4 51. Rxf7+ Kg5 52. Kc4 Kxh5 53. a4 Rf3 54. Rh7+ Kg6 55. Rh1 Rf4+ 56. Kb5 Rf5+ 57. Kb4 Rf4+ 58. Ka3 g3 59. Rg1 Rg4 60. a5 Kf7 61. b4 Ke7 62. a6 Kd7 63. a7 Rg8 64. Ka4 Kc6 65. Rxg3 Rh8 66. Rg7 Kb6 67. Kb3 Rh3+ 68. Kc4 Rh4+ 69. Kb3 Rh3+ 70. Ka4 Rh8 71. Rh7 Ra8 72. Rf7 1/2-1/2

[Event "85th Tata Steel Masters 2023"]
[White "Rapport,Richard"]
[Black "Ding,Liren"]
[Site "Wijk aan Zee"]
[Round "12.6"]
[Annotator "TA"]
[Result "1-0"]
[Date "2023.01.28"]
[WhiteElo "2740"]
[BlackElo "2811"]
[PlyCount "83"]
[TimeControl "60"]

1. e4 c5 2. Nf3 d6 3. d4 cxd4 4. Qxd4 Nf6 5. Nc3 Nc6 6. Bb5 Bd7 7. Bxc6 Bxc6 8. Bg5 e6 9. O-O-O Be7 10. Qd3 Qa5 11. h4 h6 12. Bd2 Qa6 {[%emt 0:3:36] B53: Sicilian: 2...d6: Lines with Qxd4.} 13. Qxa6 bxa6 14. Rde1 e5 {[%emt 0:4:21] The position is equal.} 15. Nh2 {[%emt 0:15:16][%cal Yf3h2,Yh2f1,Yf1g3,Yg3f5][%mdl 32] [#]} Nd7 $146 ({Predecessor:} 15... O-O-O 16. f3 Rhe8 17. Ng4 Nxg4 18. fxg4 Kd7 19. Be3 Ra8 20. Rd1 Rec8 21. b3 Rab8 {½-½ Szpar,M (2434)-Vokhidov,S (2536) Wch Rapid Warsaw 2021 (5)} )16. Nf1 f5 17. f3 (17. exf5 $16 Rc8 18. Ne3 )fxe4 $11 18. fxe4 Nf6 19. Ng3 Rf8 20. Nf5 Rf7 21. h5 (21. Rh3 {feels hotter.} Kd7 22. Rd3 Rc8 23. b3 )Bf8 22. Ng3 Rc8 23. Nd1 Rfc7 24. Ba5 Rd7 25. Rh4 d5 26. exd5 Bxd5 27. Rxe5+ Kf7 28. Bb4 Bxg2 29. Bxf8 (29. Ne3 {seems wilder.} Bb7 30. b3 Re8 31. Rxe8 Kxe8 32. Bxf8 Kxf8 33. Rf4 )Kxf8 30. Ne3 {[%emt 0:0:19] Dodges Rd5} Bb7 31. b3 Re8 32. Rxe8+ Kxe8 33. c4 Kf7 34. Kc2 g5 35. Rh2 Ke6 36. Re2 $1 {[%emt 0:0:2] Ng4+ is the strong threat.} Bf3 (36... Kf7 $1 $14 )37. Re1 $16 {[%emt 0:0:1] aiming for Ng4+.} Nxh5 $2 {[%emt 0:0:43][%mdl 8192] A mistake that costs the game.} (37... Bxh5 $2 38. Ng4+ Kf7 39. Ne5+ (39. Nxh6+ Kg6 $14 )Ke8 40. Nxh5 Nxh5 41. Nxd7+ Kxd7 42. Rh1 $18 )(37... Kd6 $16 {is more resistant.} )38. Ng4+ $18 {[%emt 0:0:24][%mdl 64] [#] Discovered Attack. White is clearly winning.} Kd6 39. Nf5+ Kc7 40. Ne5 (40. Nfxh6 Rd4 $14 )({Worse is} 40. Ngxh6 g4 $11 )g4 41. Nxd7 ({Not} 41. Nxh6 Rd4 $14 )Kxd7 42. Kd2 {[%emt 0:0:0] Weighted Error Value: White=0.06 (flawless) /Black=0.34} ({Weaker is} 42. Nxh6 g3 43. Nf5 g2 $18 )(42. Re7+ Kd8 $18 )1-0

[Event "85th Tata Steel Masters 2023"]
[White "Maghsoodloo,Parham"]
[Black "Erigaisi Arjun"]
[Site "Wijk aan Zee"]
[Round "12.7"]
[Annotator "TA"]
[Result "1-0"]
[Date "2023.01.28"]
[WhiteElo "2719"]
[BlackElo "2722"]
[PlyCount "93"]
[TimeControl "60"]

1. d4 Nf6 2. c4 g6 3. Nc3 d5 4. Nf3 Bg7 5. h3 O-O 6. cxd5 Nxd5 7. e4 Nxc3 8. bxc3 c5 9. Be2 Nc6 10. Be3 (10. dxc5 Bxc3+ 11. Bd2 Bxa1 12. Qxa1 Re8 $17 )cxd4 {[%emt 0:0:8] D85: Exchange Grünfeld: Unusual White 7th moves and lines with 7 Nf3.} 11. cxd4 Qa5+ (11... f5 $5 )12. Bd2 Qa3 {[%emt 0:0:5] [#] White has an edge.} 13. d5 Ne5 14. O-O Bd7 15. Rb1 Ba4 16. Qe1 (16. Qc1 $5 Qxa2 17. Nxe5 (17. Rxb7 Rac8 $14 )Bxe5 18. Bc4 $11 (18. Rxb7 Rfc8 $11 ))Nd3 17. Bxd3 Qxd3 18. Bg5 Rfe8 {[%emt 0:15:10] [#]} 19. Qb4 $146 ({Predecessor:} 19. Rxb7 Bb5 20. Bxe7 Qxf1+ 21. Qxf1 Bxf1 22. Kxf1 Rab8 23. Rxa7 Bf8 24. Bxf8 Kxf8 25. Ng5 {½-½ Sevian,S (2684)-Vachier Lagrave,M (2757) Chess.com Rapid CGC KO 2022 (2.4)} )b5 (19... Bc2 20. Ne1 Qxe4 21. Nxc2 Qxc2 22. Bxe7 $16 )20. Rbc1 a5 21. Qc5 Qxe4 22. Rfe1 Qf5 {[%emt 0:1:45] White must now prevent ...Bb2.} 23. g4 $1 (23. Rxe7 Rec8 24. Ra7 Bf8 25. Rxa8 Bxc5 26. Rxc8+ Qxc8 $15 )Qc8 (23... Qxf3 24. Re3 Rac8 25. Qxc8 $16 (25. Rxf3 Rxc5 26. Rxc5 Be5 $16 )(25. Rxf3 Rxc5 26. Rxc5 Bd4 $16 ))24. Bxe7 b4 25. Qe3 Qb7 26. d6 Rac8 {[%emt 0:8:21] Wards off Rc7} 27. Ng5 Rxc1 28. Rxc1 Qd5 {[%emt 0:0:30] [#]} (28... Rc8 $1 $11 {remains equal.} )29. Qf4 ({Better is} 29. Rc7 $1 $16 )Qxa2 {[%emt 0:5:50] aiming for ...h6.} (29... h6 $5 30. Ne4 Be5 $11 )30. Rc4 $1 f5 31. gxf5 $18 h6 {[%emt 0:3:51] [#]} 32. f6 $2 (32. Kg2 $1 $18 {[%cal Yf5g6] Threatens to win with fxg6!} hxg5 33. Qe4 gxf5 34. Qd5+ Kh8 35. Rh4+ {[%mdl 64] Discovered Attack} gxh4 36. Qxa2 )hxg5 $14 (32... Qb1+ $2 33. Rc1 hxg5 34. Qc4+ (34. Rxb1 $2 gxf4 35. fxg7 Kxg7 $19 )Kh7 35. Rxb1 $18 )33. f7+ Kh7 34. fxe8=Q {[%emt 0:4:58][%cal Yf4h4] Qh4+! would kill now.} gxf4 35. Qf7 $40 {[%emt 0:0:15][%mdl 128] Threatening mate with Bf6. White is up to no good. The board is on fire.} Be8 $2 36. Qxf4 $18 {[%emt 0:5:23] Qh4+ would be deadly.} b3 {[%emt 0:0:36] [#]} (36... Qa1+ $18 37. Rc1 Qe5 38. Qxe5 Bxe5 )37. d7 $1 {[%emt 0:0:54][%mdl 64] Deflection} Bxd7 38. Qf7 Qa1+ 39. Kg2 Bxh3+ 40. Kh2 $1 ({Not} 40. Kxh3 Qh1+ 41. Kg3 Qg1+ 42. Kh3 (42. Kf3 Qh1+ 43. Kg3 Qg1+ 44. Kh3 Qh1+ 45. Kg3 $11 )Qh1+ 43. Kg3 Qg1+ 44. Kh3 (44. Kf3 Qh1+ 45. Kg3 $11 )Qh1+ $11 )Qe5+ 41. Kxh3 Qf5+ 42. Qxf5 gxf5 43. Rc7 Kg6 44. Ba3 {[%emt 0:0:34] White threatens Rb7 and mate.} Be5 45. Rc5 Bd4 46. Rxa5 Bxf2 47. Rb5 {[%emt 0:0:5] Artfully played by Maghsoodloo.   Weighted Error Value: White=0.08 (flawless) /Black=0.54} 1-0